[Event "Team 45 45 League T72"]
[Site "Internet Chess Club"]
[Date "2017.04.23"]
[Round "6"]
[White "Tobiasdelmonte"]
[Black "SAC2001"]
[Result "0-1"]
[WhiteElo "1684"]
[BlackElo "1958"]
[Opening "Grünfeld: Grünfeld gambit"]
[ECO "D83"]
[Time "22:00:20"]
[TimeControl "2700+45"]

1. d4 Nf6 2. c4 g6 3. Nc3 d5 4. Bf4 Bg7 5. e3 O-O 6. h3 c6 7. Nf3 Bf5 8. Be2
Nbd7 9. O-O a6 10. cxd5 cxd5 11. Ne5 Rc8 12. g4 Be6 13. g5 Ne8 14. h4 Nd6 15. h5
b5 16. hxg6 fxg6 17. Bf3 Nb6 18. Kg2 b4 19. Na4 Nbc4 20. Nc5 Rxc5 21. dxc5 Nxe5
22. Bxd5 Bxd5+ 23. Qxd5+ Ndf7 24. Qxd8 Rxd8 25. Rfd1 Nd3 26. Rab1 Nxc5 27. Rxd8+
Nxd8 28. b3 Nde6 29. Bb8 Nxg5 30. Rd1 Nge6 31. Ba7 Ne4 32. Rd7 Kf7 33. Rb7 Bc3
34. Rb6 N6c5 35. Rc6 Nd3 36. f3 Ne1+ 37. Kf1 Nxf3 38. Rxa6 h5 39. Ke2 Ne5 40.
Bb8 h4 41. Kf1 h3 42. Kg1 Nf3+ 43. Kf1 g5 44. Rh6 g4 45. Ke2 Bg7 46. Rh5 Kg6 47.
Rd5 Nc3+ {White resigns} 0-1

[Event "Team 45 45 League T72"]
[Site "Internet Chess Club"]
[Date "2017.04.21"]
[Round "6"]
[White "jjimalo"]
[Black "JPSVI"]
[Result "1-0"]
[WhiteElo "1782"]
[BlackElo "1484"]
[Opening "Queen's pawn game"]
[ECO "D02"]
[Time "15:34:13"]
[TimeControl "2700+45"]

1. d4 d5 2. Nf3 c6 3. g3 e6 4. Bg2 Nd7 5. c4 Bb4+ 6. Nc3 f5 7. O-O Ngf6 8. Qd3
O-O 9. cxd5 exd5 10. a3 Bxc3 11. bxc3 Ne4 12. c4 Ndf6 13. a4 Be6 14. cxd5 Bxd5
15. Ba3 Re8 16. Rab1 Qc7 17. e3 Rad8 18. Qc2 c5 19. dxc5 Nxc5 20. Qxc5 {Black
resigns} 1-0

[Event "Team 45 45 League T72"]
[Site "Internet Chess Club"]
[Date "2017.04.23"]
[Round "6"]
[White "kllrchris"]
[Black "Insan996"]
[Result "0-1"]
[WhiteElo "1644"]
[BlackElo "1642"]
[Opening "Caro-Kann: Panov-Botvinnik attack, 5...e6"]
[ECO "B14"]
[Time "21:06:53"]
[TimeControl "2700+45"]

1. e4 c6 2. d4 d5 3. exd5 cxd5 4. c4 Nf6 5. Nc3 e6 6. Nf3 Be7 7. Bd3 dxc4 8.
Bxc4 Nc6 9. O-O O-O 10. Re1 a6 11. a3 b5 12. Bb3 Bb7 13. Bg5 Na5 14. Bc2 Nc4 15.
b3 Nxa3 16. Rxa3 Bxa3 17. Ne5 Re8 18. Re3 Be7 19. Bxf6 Bxf6 20. Bxh7+ Kf8 21.
Qh5 Bxe5 22. dxe5 Qd2 23. h3 Rac8 24. Be4 Rxc3 25. Qh8+ Ke7 26. Qh4+ Kd7 {White
resigns} 0-1

[Event "Team 45 45 League T72"]
[Site "Internet Chess Club"]
[Date "2017.04.20"]
[Round "6"]
[White "cap78red"]
[Black "ChessRooklift"]
[Result "1/2-1/2"]
[WhiteElo "1456"]
[BlackElo "1736"]
[Opening "English: four knights, kingside fianchetto"]
[ECO "A29"]
[Time "17:01:40"]
[TimeControl "2700+45"]

1. c4 Nc6 2. Nc3 e5 3. Nf3 Nf6 4. g3 d6 5. e4 Bd7 6. Bg2 Be7 7. d4 exd4 8. Nxd4
O-O 9. O-O Qc8 10. Nd5 Bd8 11. Nb5 a6 12. Nbc3 Bh3 13. Bxh3 Qxh3 14. Nxf6+ Bxf6
15. Nd5 Bd8 16. Nf4 Qd7 17. c5 Re8 18. cxd6 Rxe4 19. dxc7 Qxd1 20. Rxd1 Bxc7 21.
Nh5 Rae8 22. Bh6 gxh6 23. Nf6+ Kg7 24. Nxe8+ Rxe8 25. Rd7 Re7 26. Rad1 Kf6 27.
R7d5 Bb6 28. Rd6+ Kg7 29. Rd7 Re2 30. Rxb7 Rxb2 31. Rdd7 Bxf2+ 32. Kf1 Rxb7 33.
Rxb7 Bd4 34. Ke2 Be5 35. Rb6 Nb8 36. Kd3 f6 37. Ke4 Kg6 38. Kf3 h5 39. h3 Kf5
40. Rb7 Kg6 41. g4 h4 42. Ke4 Bg3 43. Kd5 h6 44. Ke6 Be5 45. a4 Nc6 46. Rb6 Nb8
{Game drawn by mutual agreement} 1/2-1/2

[Event "Team 45 45 League T72"]
[Site "Internet Chess Club"]
[Date "2017.04.21"]
[Round "6"]
[White "backrankbrawler"]
[Black "Darshukarpov"]
[Result "0-1"]
[WhiteElo "1719"]
[BlackElo "1493"]
[Opening "Queen's pawn: Yusupov-Rubinstein system"]
[ECO "A46"]
[Time "13:01:53"]
[TimeControl "2700+45"]

1. d4 Nf6 2. Nf3 e6 3. e3 c5 4. Bd3 b6 5. O-O Bb7 6. Nbd2 cxd4 7. exd4 d6 8. Re1
Be7 9. Nf1 Nbd7 10. Ng3 O-O 11. Qe2 Re8 12. b3 Bf8 13. Ba3 Rc8 14. c4 Rc7 15.
Rad1 Qa8 16. Ne4 Nxe4 17. Bxe4 Bxe4 18. Qxe4 Qxe4 19. Rxe4 d5 20. cxd5 Bxa3 21.
dxe6 Rxe6 22. Rxe6 fxe6 23. Ng5 Nf8 24. f4 Rc1 25. Rxc1 Bxc1 26. g3 Be3+ {White
resigns} 0-1

[Event "Team 45 45 League T72"]
[Site "Internet Chess Club"]
[Date "2017.04.22"]
[Round "6"]
[White "JSCOL"]
[Black "dp15"]
[Result "1-0"]
[WhiteElo "2087"]
[BlackElo "2012"]
[Opening "KGA: Bonsch-Osmolovsky variation"]
[ECO "C34"]
[Time "21:00:23"]
[TimeControl "2700+45"]

1. e4 e5 2. f4 exf4 3. Nf3 Ne7 4. d4 d5 5. e5 Ng6 6. h4 h5 7. Bd3 Be7 8. Bxg6
fxg6 9. Bxf4 Bg4 10. Qd3 Bf5 11. Qb5+ Nd7 12. Nc3 Bg4 13. Qxb7 O-O 14. Qxd5+ Kh8
15. Bg3 Nb6 16. Qxd8 Raxd8 17. O-O-O Bxf3 18. gxf3 Rxf3 19. Ne4 Nd5 20. c3 Rdf8
21. Rhg1 Bxh4 22. Bxh4 R3f4 23. Rxg6 Rxe4 24. Rh1 Rf5 25. Be1 Nf4 26. Rc6 Rf7
27. Bd2 Ne2+ 28. Kc2 Ng3 29. Rh3 Rg4 30. Be1 Ne4 31. Rxh5+ Kg8 32. e6 Re7 33.
Re5 Nd6 34. d5 g6 35. Re3 Kg7 36. Rxd6 cxd6 37. Bg3 Re8 38. Bxd6 Rg5 39. Be5+
Kf8 40. c4 Rh5 41. Rf3+ Rf5 42. Rxf5+ gxf5 43. Kd3 Ke7 44. Kd4 Rg8 45. c5 Rg2
46. Bd6+ Ke8 47. c6 Rd2+ 48. Ke5 f4 49. c7 Rc2 50. b4 f3 51. Bc5 Re2+ 52. Kf6
{Black resigns} 1-0

[Event "Team 45 45 League T72"]
[Site "Internet Chess Club"]
[Date "2017.04.22"]
[Round "6"]
[White "hood"]
[Black "santiagoelawad"]
[Result "1/2-1/2"]
[WhiteElo "1992"]
[BlackElo "1968"]
[Opening "Caro-Kann: Gurgenidze system"]
[ECO "B15"]
[Time "18:05:56"]
[TimeControl "2700+45"]

1. e4 c6 2. d4 d5 3. Nc3 g6 4. f4 Bg7 5. e5 Nh6 6. Nf3 Bg4 7. Bd3 O-O 8. O-O e6
9. h3 Bxf3 10. Qxf3 Nf5 11. Ne2 c5 12. dxc5 Qc7 13. Qf2 Nd7 14. b4 a5 15. a3
axb4 16. Bb2 bxa3 17. Bxa3 Rfe8 18. c4 Bf8 19. Bxf5 Rxa3 20. Rxa3 Bxc5 21. Nd4
Bxa3 22. Bb1 Qxc4 23. Kh2 Bc5 24. Rd1 Rc8 25. Qb2 Qb4 26. Qxb4 Bxb4 27. Bd3 Nc5
28. Be2 Ne4 29. Bf3 Bc5 30. Rc1 b6 31. Ne2 Ra8 32. Bxe4 dxe4 33. Rc4 e3 34. Kg3
Ra1 35. Nc1 Ra3 36. Kf3 h5 37. g4 h4 38. Ke2 Kf8 39. Rc2 Ra1 40. Kf3 Ra3 41. Ke2
Bb4 42. Nd3 Bd2 43. Rb2 Ra1 44. Rxb6 Rh1 45. Nc5 Rh2+ 46. Kd3 Bc1 47. Rb1 Rd2+
48. Kxe3 Rc2+ 49. Kd4 Bxf4 50. Nd3 Bg5 51. Rb2 Rxb2 52. Nxb2 Ke7 53. Nd3 f5 54.
exf6+ Kxf6 55. Nc5 Bf4 56. Ne4+ Ke7 57. Nc5 Bg3 58. Ne4 Bh2 59. Ke3 e5 60. Nc3
Kd6 61. Ke4 Kc5 62. Nd5 g5 63. Nf6 Bf4 64. Nd5 Kc4 65. Nb6+ Kc3 66. Nd7 Kd2 67.
Nxe5 Ke2 68. Nf7 Kf2 69. Kf5 Kg3 70. Nxg5 Bc1 71. Kg6 Bxg5 72. Kxg5 Kxh3 73. Kf4
Kg2 74. g5 h3 75. g6 h2 76. g7 h1=Q 77. g8=Q+ Kf1 78. Qc4+ Kg1 79. Qd4+ Kh2 80.
Qf2+ Qg2 81. Qxg2+ Kxg2 {Game drawn because neither player has mating material}
1/2-1/2

[Event "Team 45 45 League T72"]
[Site "Internet Chess Club"]
[Date "2017.04.24"]
[Round "6"]
[White "primerpaso"]
[Black "soccerisfun"]
[Result "0-1"]
[WhiteElo "1814"]
[BlackElo "1957"]
[Opening "English: Anglo-Dutch defense"]
[ECO "A10"]
[Time "18:32:28"]
[TimeControl "2700+45"]

1. c4 f5 2. Nc3 Nf6 3. g3 g6 4. Bg2 Bg7 5. e4 d6 6. Nge2 O-O 7. O-O Nc6 8. d3 e5
9. f4 a5 10. Rb1 Nd4 11. h3 Nh5 12. Kh2 exf4 13. Nxf4 Nxg3 14. Kxg3 Be5 15. exf5
Rxf5 16. h4 g5 17. hxg5 Qxg5+ 18. Kh2 Bxf4+ 19. Bxf4 Rxf4 20. Bd5+ Be6 21. Rxf4
Qxf4+ 22. Kh1 Qh4+ 23. Kg1 Qg3+ 24. Kh1 Bxd5+ 25. Nxd5 Nf3 {White resigns} 0-1

[Event "Team 45 45 League T72"]
[Site "Internet Chess Club"]
[Date "2017.04.20"]
[Round "6"]
[White "joebobpop"]
[Black "VictorRed"]
[Result "1-0"]
[WhiteElo "1931"]
[BlackElo "1672"]
[Opening "French: exchange variation"]
[ECO "C01"]
[Time "22:20:39"]
[TimeControl "2700+45"]

1. e4 e6 2. d4 d5 3. exd5 exd5 4. Bd3 Nf6 5. Nc3 Bb4 6. Ne2 Bg4 7. f3 Be6 8. O-O
O-O 9. a3 Be7 10. Be3 Nbd7 11. Ng3 c5 12. Nce2 c4 13. Bf5 Bd6 14. Qd2 Qc7 15.
Bf4 Rae8 16. Rfe1 Re7 17. Bxd6 Qxd6 18. b3 Nb6 19. a4 g6 20. Bxe6 Rxe6 21. a5
Nc8 22. Qc3 Qc7 23. bxc4 dxc4 24. Qd2 Nd5 25. Ne4 Rfe8 26. N2c3 Nce7 27. Qg5
Nxc3 28. Nxc3 Nf5 29. Ne4 Kg7 30. c3 Qe7 31. Qxe7 R8xe7 32. Kf2 f6 33. g4 Nh6
34. Nd6 Rxe1 35. Rxe1 Rxe1 36. Kxe1 f5 37. gxf5 Nxf5 38. Nxc4 a6 39. Ke2 Kf6 40.
Kd3 Nh4 41. Ke4 Nf5 42. d5 g5 43. Ne3 Nd6+ 44. Kd4 h5 45. c4 h4 46. Kc5 Ke7 47.
Kb6 Kd7 48. c5 Nc8+ 49. Kxb7 {Black resigns} 1-0

[Event "Team 45 45 League T72"]
[Site "Internet Chess Club"]
[Date "2017.04.21"]
[Round "6"]
[White "SlimeDog2"]
[Black "ganymede57"]
[Result "0-1"]
[WhiteElo "2071"]
[BlackElo "2103"]
[Opening "Dutch: Leningrad, main variation with c6"]
[ECO "A88"]
[Time "08:04:10"]
[TimeControl "2700+45"]

1. d4 f5 2. c4 Nf6 3. g3 g6 4. Bg2 Bg7 5. Nc3 O-O 6. Nf3 d6 7. O-O c6 8. Qc2 a5
9. b3 Na6 10. Bb2 Bd7 11. e4 f4 12. e5 Nh5 13. Ne4 d5 14. Nc5 Bf5 15. Qe2 Nxc5
16. dxc5 e6 17. Nd4 Qg5 18. h4 Qe7 19. g4 f3 20. Bxf3 Nf4 21. Qe3 Bd3 22. Rfd1
Nh3+ 23. Kg2 Qxh4 24. Rxd3 Bh6 {White resigns} 0-1

[Event "Team 45 45 League T72"]
[Site "Internet Chess Club"]
[Date "2017.04.23"]
[Round "6"]
[White "Dreamshell"]
[Black "searchforbobby1"]
[Result "1/2-1/2"]
[WhiteElo "1905"]
[BlackElo "1954"]
[Opening "Queen's pawn: London system"]
[ECO "A45"]
[Time "19:40:02"]
[TimeControl "2700+45"]

1. d4 Nf6 2. Bf4 d5 3. e3 c5 4. c3 Nc6 5. Nd2 Bf5 6. Ngf3 e6 7. Qb3 Qc8 8. Be2
h6 9. h3 Be7 10. O-O O-O 11. Ne5 Nxe5 12. Bxe5 Ne4 13. Nxe4 Bxe4 14. c4 dxc4 15.
Bxc4 b6 16. dxc5 Bxc5 17. Qc3 f6 18. Bg3 Kh8 19. b4 Be7 20. Rac1 e5 21. Rfd1 Rd8
22. Rxd8+ Qxd8 23. Be2 Qd6 24. f3 Bf5 25. a3 Rc8 26. Qe1 Rxc1 27. Qxc1 a5 28.
Be1 Bd8 29. Qd2 Qc7 30. Qd5 Qd7 31. Bc4 Qxd5 32. Bxd5 g5 33. Kf2 Bd3 34. e4 Be7
35. Kg3 axb4 36. axb4 Kg7 37. Be6 h5 38. h4 b5 39. Bc3 Bd6 40. Bd2 Kg6 41. Bf5+
Kh6 42. Kf2 Bc4 43. g3 Kg7 44. g4 hxg4 45. hxg5 gxf3 46. gxf6+ Kxf6 47. Kxf3 Bf8
48. Kg4 Be2+ 49. Kh4 Bd6 50. Bd7 Kg6 51. Be8+ Kf6 52. Bd7 Kg6 53. Be8+ Kf6 54.
Bd7 {Game drawn by repetition} 1/2-1/2

[Event "Team 45 45 League T72"]
[Site "Internet Chess Club"]
[Date "2017.04.21"]
[Round "6"]
[White "ArturitoGalacti"]
[Black "cityprosecutor"]
[Result "0-1"]
[WhiteElo "1846"]
[BlackElo "1727"]
[Opening "King's Indian: Sämisch, 6...Nc6"]
[ECO "E83"]
[Time "22:04:10"]
[TimeControl "2700+45"]

1. c4 Nf6 2. Nc3 g6 3. e4 d6 4. d4 Bg7 5. f3 O-O 6. Be3 Nc6 7. Bd3 e5 8. d5 Ne7
9. Nge2 Nd7 10. O-O f5 11. b4 f4 12. Bf2 Nf6 13. c5 g5 14. cxd6 cxd6 15. Rc1 g4
16. Nb5 gxf3 17. gxf3 Bh3 18. Nc7 Rc8 19. Ne6 Bxe6 20. dxe6 a6 21. Qb3 Kh8 22.
a4 Qe8 23. Rxc8 Qg6+ 24. Kh1 Rxc8 25. Nc3 Qh5 26. Be2 Qh3 27. Rg1 Ng6 28. b5
axb5 29. axb5 Nh4 30. Bxh4 Qxh4 31. e7 Qh5 32. Qb4 Qe8 33. Rd1 Qxe7 34. Bc4 Bf8
35. Nd5 Nxd5 36. Bxd5 Qh4 37. Rg1 Be7 38. Qb2 Qh3 39. Qb3 Rf8 40. Be6 Qh5 41.
Bg4 Qe8 42. Qd5 b6 43. Rc1 Qb8 {White forfeits on time} 0-1

[Event "Team 45 45 League T72"]
[Site "Internet Chess Club"]
[Date "2017.04.24"]
[Round "6"]
[White "volodia80"]
[Black "ChessHouston"]
[Result "1-0"]
[WhiteElo "1722"]
[BlackElo "1700"]
[Opening "Hungarian defense"]
[ECO "C50"]
[Time "16:33:35"]
[TimeControl "2700+45"]

1. e4 e5 2. Nf3 Nc6 3. Bc4 Be7 4. c3 Nf6 5. d3 O-O 6. Bb3 d5 7. Nbd2 Bg4 8. h3
Bh5 9. O-O dxe4 10. dxe4 b5 11. Qe2 Rb8 12. Rd1 Bd6 13. Nf1 Bg6 14. Ng3 Qc8 15.
Nh4 Kh8 16. Nhf5 Rd8 17. Bg5 Ne7 18. Bxf6 gxf6 19. Rxd6 Rxd6 20. Nxe7 Qd7 21.
Ngf5 {Black resigns} 1-0

[Event "Team 45 45 League T72"]
[Site "Internet Chess Club"]
[Date "2017.04.24"]
[Round "6"]
[White "goodFriday"]
[Black "calsal"]
[Result "1-0"]
[WhiteElo "1918"]
[BlackElo "1745"]
[Opening "Scandinavian defense"]
[ECO "B01"]
[Time "19:03:10"]
[TimeControl "2700+45"]

1. e4 d5 2. exd5 Nf6 3. Bb5+ Nbd7 4. c4 a6 5. Bxd7+ Bxd7 6. d4 e6 7. dxe6 Bxe6
8. d5 Bg4 9. Nf3 Bb4+ 10. Bd2 Qe7+ 11. Qe2 O-O 12. Qxe7 Bxe7 13. O-O Bxf3 14.
gxf3 b5 15. b3 Rac8 16. Nc3 bxc4 17. bxc4 Nd7 18. Rae1 Rfe8 19. Bf4 Nb6 20. c5
Bxc5 21. Rxe8+ Rxe8 22. Bxc7 Rc8 23. Bxb6 Bxb6 24. Rb1 Bd4 25. Ne2 Bc5 26. Kg2
Kf8 27. f4 Rd8 28. Rd1 g6 29. f5 Ke7 30. Ng3 Bd6 31. Rd3 Kf6 32. fxg6 fxg6 33.
Nf1 Bc5 34. f4 Ke7 35. Kf3 Rf8 36. Ng3 Bd6 37. Ne2 Rf5 38. Ke4 Rh5 39. h3 Rh4
40. Rf3 Kd7 41. Kd3 Rh5 42. Kd4 Rf5 43. Ke4 Rh5 44. Nd4 Rh4 45. Ne6 Ke7 46. Rg3
Kd7 47. a4 Ke7 48. a5 Kf6 49. Rb3 Be7 50. Rb6 Kf7 51. Rxa6 Rxh3 52. Ng5+ Bxg5
53. fxg5 Rh4+ 54. Ke5 Rh5 55. Ra7+ Ke8 56. Ke6 Kd8 57. d6 Kc8 58. d7+ {Black
resigns} 1-0

[Event "Team 45 45 League T72"]
[Site "Internet Chess Club"]
[Date "2017.04.23"]
[Round "6"]
[White "Yedixon"]
[Black "moodle"]
[Result "0-1"]
[WhiteElo "1684"]
[BlackElo "1636"]
[Opening "Scandinavian gambit"]
[ECO "B01"]
[Time "17:15:42"]
[TimeControl "2700+45"]

1. e4 d5 2. exd5 Nf6 3. c4 c6 4. dxc6 Nxc6 5. Nf3 e5 6. d3 e4 7. dxe4 Qxd1+ 8.
Kxd1 Nxe4 9. Be3 Bf5 10. Nbd2 Nxd2 11. Kxd2 O-O-O+ 12. Kc3 g6 13. a3 Bg7+ 14.
Kb3 Rhe8 15. g3 Na5+ 16. Ka2 Be4 17. Bg2 Nxc4 18. Rac1 b5 19. b3 Bxf3 20. Bxf3
Rxe3 21. Rxc4+ bxc4 22. fxe3 Rd2+ 23. Kb1 Rb2+ 24. Kc1 cxb3 25. Bd5 Rc2+ 26. Kd1
Ra2 27. Rf1 Ra1+ 28. Ke2 b2 29. Be4 f5 30. Bd3 Rxa3 31. e4 fxe4 32. Bxe4 Bh6 33.
Rf7 Re3+ {White resigns} 0-1

[Event "Team 45 45 League T72"]
[Site "Internet Chess Club"]
[Date "2017.04.21"]
[Round "6"]
[White "Srijan13"]
[Black "Chess4Him"]
[Result "1/2-1/2"]
[WhiteElo "1457"]
[BlackElo "1577"]
[Opening "Modern defense"]
[ECO "A40"]
[Time "22:00:21"]
[TimeControl "2700+45"]

1. d4 g6 2. c4 Bg7 3. Nc3 d6 4. Nf3 Nd7 5. e4 e5 6. Be2 Ne7 7. Be3 O-O 8. O-O
Re8 9. Qd2 a6 10. Rad1 b6 11. Bh6 Bh8 12. h4 Bb7 13. dxe5 Nxe5 14. Nxe5 dxe5 15.
Qe3 Qc8 16. f4 f5 17. fxe5 Qe6 18. Nd5 Bxe5 19. Bd3 c5 20. Qf3 Bxd5 21. exd5 Qd6
22. Bf4 Nc8 23. Rde1 Qf6 24. Bxe5 Rxe5 25. Rxe5 Qxe5 26. Qf2 Nd6 27. Re1 {Game
drawn by mutual agreement} 1/2-1/2

[Event "Team 45 45 League T72"]
[Site "Internet Chess Club"]
[Date "2017.04.23"]
[Round "6"]
[White "mongmong"]
[Black "MasterD"]
[Result "1-0"]
[WhiteElo "1525"]
[BlackElo "1527"]
[Opening "Queen's Indian: 4.e3"]
[ECO "E14"]
[Time "20:08:53"]
[TimeControl "2700+45"]

1. d4 Nf6 2. Nf3 e6 3. e3 b6 4. c4 Bb7 5. Bd3 d5 6. O-O Nbd7 7. Nc3 Bb4 8. cxd5
Nxd5 9. Nxd5 Bxd5 10. a3 Be7 11. b3 c5 12. Bb2 O-O 13. Rc1 Rc8 14. Bc4 Bb7 15.
d5 exd5 16. Bxd5 Bxd5 17. Qxd5 Bf6 18. Bxf6 Nxf6 19. Qxd8 Rfxd8 20. Rfd1 Kf8 21.
Kf1 Ke7 22. Ke2 Rd7 23. Rxd7+ Nxd7 24. Rd1 Rd8 25. Rd3 f6 26. Kd2 Nb8 27. Rxd8
Kxd8 28. Kc3 Nc6 29. Kc4 a6 30. a4 Kd7 31. h3 Kd6 32. g4 g5 33. e4 Ne5+ 34. Nxe5
Kxe5 35. f3 Kf4 36. Kd5 Kxf3 37. Kc6 Kg3 38. Kxb6 Kxh3 39. Kxc5 Kxg4 40. b4 Kf4
41. b5 axb5 42. axb5 g4 43. b6 g3 44. b7 g2 45. b8=Q+ Kf3 46. Qh2 h5 47. Kd4 h4
48. Kd3 Kf2 49. Qxh4+ Kf1 50. Qf4+ Ke1 51. Qg3+ Kf1 52. Qf3+ Kg1 53. Qxf6 Kh1
54. Qh4+ Kg1 55. e5 Kf1 56. Qf4+ Ke1 57. Qg3+ Kf1 58. Qxg2+ Kxg2 59. e6 Kf2 60.
e7 {Black resigns} 1-0

[Event "Team 45 45 League T72"]
[Site "Internet Chess Club"]
[Date "2017.04.23"]
[Round "6"]
[White "kidviper"]
[Black "zepled37"]
[Result "1-0"]
[WhiteElo "1894"]
[BlackElo "1693"]
[Opening "Sicilian: wing gambit"]
[ECO "B20"]
[Time "17:18:53"]
[TimeControl "2700+45"]

1. e4 c5 2. b4 cxb4 3. Nf3 d5 4. exd5 Nf6 5. a3 Nxd5 6. axb4 e6 7. b5 Be7 8. d4
Nd7 9. c4 Bb4+ 10. Bd2 Bxd2+ 11. Nbxd2 N5f6 12. Bd3 O-O 13. O-O Re8 14. Re1 Nf8
15. c5 Ng6 16. Nc4 Rf8 17. Nb6 Rb8 18. Rxa7 Nf4 19. Ne5 Nd7 20. Nbxd7 Bxd7 21.
c6 Be8 22. Bxh7+ Kxh7 23. Qc2+ Kg8 24. c7 Qc8 25. cxb8=Q Qxc2 26. Qxb7 Qd2 27.
Qe4 Bxb5 28. Nf3 Ne2+ 29. Kh1 Qc3 30. Rxe2 Bxe2 31. Qxe2 Qc1+ 32. Qe1 Rc8 33.
Ra1 Qc4 34. h3 f6 35. Qe4 e5 36. Ra8 Rxa8 37. Qxa8+ Kh7 38. dxe5 Qc1+ 39. Kh2
Qc7 40. g3 Qc2 41. Kg2 fxe5 42. Nxe5 Qf5 43. Ng4 Qd3 44. Qf3 Qc2 45. Ne3 Qb1 46.
Qf5+ {Black resigns} 1-0

[Event "Team 45 45 League T72"]
[Site "Internet Chess Club"]
[Date "2017.04.23"]
[Round "6"]
[White "justice02"]
[Black "kidcobra"]
[Result "0-1"]
[WhiteElo "1612"]
[BlackElo "1867"]
[Opening "Ruy Lopez: Schliemann defense"]
[ECO "C63"]
[Time "20:15:24"]
[TimeControl "2700+45"]

1. e4 e5 2. Nf3 Nc6 3. Bb5 f5 4. Qe2 fxe4 5. Bxc6 dxc6 6. Qxe4 Bd6 7. d3 Nf6 8.
Qc4 Qe7 9. O-O Be6 10. Qh4 O-O-O 11. Re1 Bg4 12. Ng5 Rdf8 13. Nd2 Bc5 14. Nde4
Bh5 15. Nxc5 Qxc5 16. Ne6 Qxc2 17. Nxf8 Rxf8 18. Be3 Bg6 19. d4 e4 20. b4 Nd5
21. Bg5 Nc3 22. Be7 Rf7 23. Bg5 b6 24. Qh3+ Kb7 25. Qe3 Nd5 26. Qd2 Nxb4 27. h3
Qxd2 28. Bxd2 Nc2 29. a4 Nxa1 30. Rxa1 Rd7 31. Be3 Rd5 32. Kf1 Bf7 33. Ke2 a6
34. Kd2 Ra5 35. Kc3 c5 36. dxc5 bxc5 37. h4 Kc6 38. g4 h5 39. gxh5 Bxh5 40. Rg1
g6 41. Rg5 Rxa4 42. Rxc5+ Kd6 43. Rg5 c6 44. Bf4+ Kd7 45. Re5 Ra2 46. Be3 Ra4
47. Rg5 Ra1 48. Re5 Bf3 49. Rg5 Rh1 50. Rxg6 Rxh4 51. Kb4 Rh7 52. Kc5 Rh5+ 53.
Bg5 a5 54. Kd4 a4 55. Kc4 Rh1 56. Bf4 Rf1 57. Rd6+ Ke7 58. Rd2 Rb1 59. Bd6+ Ke6
60. Ba3 Rb3 61. Ra2 Rb1 62. Rd2 Rb3 63. Ra2 Rb1 64. Rd2 Kf5 65. Bb2 Kf4 66. Kb4
Bd1 67. Kc5 Bf3 68. Kb4 Rd1 69. Rxd1 Bxd1 70. Kc5 Kf3 71. Bd4 Ke2 72. Kxc6 Kd3
73. Kd5 a3 74. Ba1 Bf3 75. Kc5 Kc2 76. Kb4 a2 77. Kc4 Kb1 78. Bc3 a1=Q 79. Bxa1
Kxa1 80. Kd4 Kb2 {White resigns} 0-1

[Event "Team 45 45 League T72"]
[Site "Internet Chess Club"]
[Date "2017.04.25"]
[Round "6"]
[White "BJJ"]
[Black "Grenadier"]
[Result "0-1"]
[WhiteElo "1423"]
[BlackElo "1614"]
[Opening "Caro-Kann: Steinitz variation"]
[ECO "B17"]
[Time "19:13:40"]
[TimeControl "2700+45"]

1. e4 c6 2. d4 d5 3. Nc3 dxe4 4. Nxe4 Nd7 5. Qe2 e6 6. Nf3 Ngf6 7. Bg5 Be7 8.
Nxf6+ Nxf6 9. Qd3 a5 10. a4 b6 11. c3 O-O 12. Qc2 Nd5 13. Bd2 Qc7 14. Bd3 g6 15.
O-O Bb7 16. Rfe1 Bd6 17. g3 c5 18. Bf1 Nf6 19. Bg2 Rac8 20. dxc5 Bxc5 21. Bg5
Ng4 22. Re2 Ba6 23. c4 Bxc4 24. Bf4 Qe7 25. Bg5 f6 26. Be3 Nxe3 27. fxe3 Bxe2
28. Qxe2 Rfd8 29. Kh1 Rd6 30. Re1 Rcd8 31. h4 Qd7 32. Ng1 Rd1 33. Nf3 Rxe1+ 34.
Nxe1 Qd1 35. Qf2 Kg7 36. Bf3 Qd2 37. Qxd2 Rxd2 38. Ng2 Rxb2 39. Nf4 Kf7 40. Nd3
Rb1+ 41. Kh2 Bxe3 42. Bc6 e5 43. Kg2 Bd4 44. g4 Rd1 45. Bb5 f5 46. g5 Kg7 47.
Ba6 h6 48. Bb5 hxg5 49. hxg5 Rg1+ 50. Kh3 Rxg5 51. Ne1 Rg1 52. Nf3 Rb1 53. Ba6
Rb3 54. Kg2 Rb4 55. Bb5 Kf6 56. Ne1 e4 57. Kf1 f4 58. Nc2 Rxb5 59. axb5 Bc5 60.
Ke2 Ke5 61. Ne1 g5 62. Nc2 g4 63. Kf1 f3 64. Ne1 g3 65. Nc2 g2+ 66. Ke1 g1=Q+
67. Kd2 e3+ 68. Nxe3 Qxe3+ 69. Kc2 f2 70. Kb2 f1=Q 71. Kc2 Qff2+ {White resigns}
0-1

[Event "Team 45 45 League T72"]
[Site "Internet Chess Club"]
[Date "2017.04.24"]
[Round "6"]
[White "GoIrish"]
[Black "KidBoa"]
[Result "1-0"]
[WhiteElo "1554"]
[BlackElo "1276"]
[Opening "Réti: King's Indian attack"]
[ECO "A05"]
[Time "20:15:39"]
[TimeControl "2700+45"]

1. Nf3 Nf6 2. g3 g6 3. Bg2 Bg7 4. O-O O-O 5. d3 d6 6. e4 e5 7. c3 Nbd7 8. Nbd2
Ne8 9. Nc4 f5 10. Ng5 Ndf6 11. f4 Ng4 12. h3 exf4 13. Bxf4 Nh6 14. e5 dxe5 15.
Nxe5 Bxe5 16. Qb3+ Nf7 17. Nxf7 Rxf7 18. Bxe5 c6 19. d4 Qe7 20. Rae1 Be6 21. d5
cxd5 22. Bxd5 Qc5+ 23. Bd4 Qxd5 24. Rxe6 Qxb3 25. axb3 Nc7 26. Re2 a6 27. Rfe1
Nb5 28. Bc5 Rc7 29. b4 Na7 30. Re7 Rxe7 31. Rxe7 Nc6 32. Rxb7 Ne5 33. Kg2 Nd3
34. Bd4 Ne1+ 35. Kf2 Nd3+ 36. Kf3 Ne1+ 37. Kf4 Rf8 38. Rg7+ Kh8 39. Re7+ Kg8 40.
Rxe1 Kf7 41. Bc5 Re8 42. Rxe8 Kxe8 43. Kg5 Kf7 44. Bd4 Kg8 45. c4 Kf7 46. c5 h5
47. c6 Ke7 48. c7 Kd7 49. Be5 Kc8 50. Kxg6 h4 51. gxh4 f4 52. Bxf4 Kd7 53. h5
Kc8 54. h6 Kb7 55. h7 a5 56. bxa5 Ka6 57. c8=Q+ Kxa5 58. h8=Q Kb6 59. Qf6+ Kb5
60. Qfc6+ Kb4 61. Qb8+ Ka5 62. Bd2# {Black checkmated} 1-0

[Event "Team 45 45 League T72"]
[Site "Internet Chess Club"]
[Date "2017.04.24"]
[Round "6"]
[White "otherook"]
[Black "kllrchris"]
[Result "1-0"]
[WhiteElo "1706"]
[BlackElo "1630"]
[Opening "English, 1...Nf6 (Anglo-Indian defense)"]
[ECO "E68"]
[Time "17:12:19"]
[TimeControl "2700+45"]

1. c4 Nf6 2. g3 g6 3. Bg2 Bg7 4. Nf3 O-O 5. O-O d6 6. d4 Nbd7 7. Nc3 c6 8. e4 e5
9. d5 c5 10. Ne1 Nb6 11. b3 a6 12. Nd3 h6 13. Bd2 Nh5 14. Qe2 Bg4 15. Qxg4
{Black resigns} 1-0

[Event "Team 45 45 League T72"]
[Site "Internet Chess Club"]
[Date "2017.04.22"]
[Round "6"]
[White "Scorpius"]
[Black "crazyhorses"]
[Result "1-0"]
[WhiteElo "1364"]
[BlackElo "1340"]
[Opening "French: exchange variation"]
[ECO "C01"]
[Time "10:10:36"]
[TimeControl "2700+45"]

1. d4 d5 2. e4 e6 3. exd5 Qxd5 4. Nc3 Qa5 5. Nf3 Nf6 6. a3 Bd7 7. b4 Qh5 8. Be2
Be7 9. Ne5 Qh4 10. Be3 O-O 11. Qd2 Nc6 12. Bg5 {Black resigns} 1-0

[Event "Team 45 45 League T72"]
[Site "Internet Chess Club"]
[Date "2017.04.21"]
[Round "6"]
[White "PsyMar"]
[Black "scottrugby"]
[Result "0-1"]
[WhiteElo "1220"]
[BlackElo "1422"]
[Opening "Sicilian: accelerated fianchetto, Maróczy bind, 6.Be3"]
[ECO "B38"]
[Time "13:00:16"]
[TimeControl "2700+45"]

1. e4 c5 2. Nf3 g6 3. d4 cxd4 4. Nxd4 Nc6 5. c4 Bg7 6. Be3 Nf6 7. Nc3 O-O 8. f3
d6 9. Be2 a6 10. O-O e5 11. Nxc6 bxc6 12. Qd2 Bb7 13. Bg5 Qd7 14. Rad1 Ne8 15.
c5 f6 16. Bh6 Bxh6 17. Qxh6 d5 18. exd5 cxd5 19. Bc4 Nc7 20. Bb3 Rad8 21. Bc2 f5
22. Rfe1 Qe6 23. f4 e4 24. Bb3 Qe7 25. Na4 Ne6 26. Rc1 Rc8 27. Red1 Rfd8 28. a3
Nxc5 29. Nb6 Nxb3 30. Rxc8 Bxc8 31. Nxd5 Qc5+ {White resigns} 0-1